 Dungeon Crawl Stone Soup version 0.23.0-3-gf3c87f2df8 (webtiles) character file.

Game seed: 15604318167222237319

22 Esekla the Vexing (level 2, -2/28 HPs)
             Began as an Ogre Enchanter on Feb 23, 2019.
             Slain by a leopard gecko (4 damage)
             ... on level 2 of the Dungeon.
             The game lasted 00:05:34 (874 turns).

Esekla the Vexing (Ogre Enchanter)                   Turns: 874, Time: 00:05:34

Health: -2/28      AC:  3    Str: 10 (11) XL:     2   Next: 91%
Magic:  5/5        EV:  9    Int: 14 (16) God:
Gold:   70         SH:  0    Dex:  6 (9)  Spells: 5/6 levels left

rFire    . . .     SeeInvis .   a - +1 dagger
rCold    . . .     Gourm    .   (no shield)
rNeg     . . .     Faith    .   b - +0 robe
rPois    .         Spirit   .   (helmet restricted)
rElec    .         Reflect  .   (no cloak)
rCorr    .         Harm     .   (gloves unavailable)
MR       .....                  (boots unavailable)
Stlth    ++........             (no amulet)
HPRegen  0.09/turn              (no ring)
MPRegen  0.09/turn              (no ring)

@: no status effects
A: large, unfitting armour, tough skin 1
a: no special abilities


You were on level 2 of the Dungeon.
You were not hungry.

You visited 1 branch of the dungeon, and saw 2 of its levels.

You collected 70 gold pieces.

Inventory:

Hand Weapons
 a - a +1 dagger (weapon)
 h - a +0 spear
Missiles
 g - 11 tomahawks (quivered)
Armour
 b - a +0 robe (worn)
Scrolls
 c - 2 scrolls of enchant weapon {unknown}
 j - a scroll of amnesia {unknown}
Potions
 f - a potion of lignification {unknown}
 i - a potion of curing {unknown}
Comestibles
 d - 3 rations


   Skills:
 * Level 1.8 Fighting
 + Level 1.0 Short Blades
 + Level 2.1 Dodging
 + Level 2.4 Stealth
 + Level 2.6 Spellcasting
 - Level 2.6 Hexes


You had 5 spell levels left.
You knew the following spells:

 Your Spells              Type           Power        Failure   Level  Hunger
a - Corona                Hex            #......      8%          1    #......

Your spell library contained the following spells:

 Spells                   Type           Power        Failure   Level  Hunger
 Ensorcelled Hibernation  Hex/Ice        #.....       19%         2    ###....
 Confuse                  Hex            #.......     22%         3    ###....
 Tukima's Dance           Hex            #.......     22%         3    ###....
 Dazzling Spray           Conj/Hex       #.....       36%         3    ###....


Dungeon Overview and Level Annotations

Branches:
Dungeon (2/15)

Altars:


Innate Abilities, Weirdness & Mutations

You are too large for most types of armour.
You have tough skin. (AC +1)


Message History

The leopard gecko bites you.
* * * LOW HITPOINT WARNING * * *
You miss the leopard gecko.
The leopard gecko is heavily wounded.
The leopard gecko barely misses you.
Found a stone staircase leading down.
The leopard gecko barely misses you. The leopard gecko closely misses you.
You closely miss the leopard gecko.
The leopard gecko is heavily wounded.
The leopard gecko bites you but does no damage.
You closely miss the leopard gecko.
The leopard gecko is heavily wounded.
The leopard gecko bites you.
* * * LOW HITPOINT WARNING * * *
It was a potion of degeneration.
There was something very wrong with that liquid.
You feel weakened.
You feel dopey.
You feel clumsy. The leopard gecko bites you.
You die...

#... #... # #...
.## # #... ..# #.
#... #.# #.###
####... #.# ...##
#.....#
#.#####..###.#####
#@##.....##..#
#l#..........#
#.g..........#
##.........#.#
#.........#.#
##.........#.##
................
#..........##.##
...............#


You could see a leopard gecko and a goblin.

Vanquished Creatures
  A dart slug (D:1)
  2 bats (D:1)
  2 giant cockroaches (D:1)
  6 goblins
  A hobgoblin (D:1)
  A kobold (D:1)
  A ball python (D:1)
  A frilled lizard (D:1)
  3 rats (D:1)
18 creatures vanquished.

Notes
Turn   | Place    | Note
-------+----------+-------------------------------------------
     0 | D:1      | Esekla the Ogre Enchanter began the quest for the Orb.
     0 | D:1      | Reached XP level 1. HP: 16/16 MP: 3/3
    84 | D:1      | Reached skill level 1 in Fighting
    98 | D:1      | Reached XP level 2. HP: 12/27 MP: 5/5
   423 | D:1      | Reached skill level 1 in Short Blades
   874 | D:2      | Slain by a leopard gecko

Skill      XL: |  1  2 |
---------------+-------+-----
Fighting       | 1 |  1.8
Short Blades   | 1 |  1.0
Dodging        | 2 |  2.1
Stealth        | |  2.4
Spellcasting   | |  2.6
Hexes          | |  2.6

Action                   || total
-------------------------++-------
Melee: Dagger            ||    98
Throw: Tomahawk          ||     4
 Cast: Corona            ||     1
  Use: Potion            ||     1
 Stab: Sleeping          ||     2
Armor: Robe              ||    27
Dodge: Dodged            ||    42
